 Dungeon Crawl Stone Soup version 0.30.1-11-g7821555f0a (webtiles) character file.

Game seed: 3323794141379705957

1217 Peloso the Covered (level 8, -3/69 HPs)
             Began as a Minotaur Fighter on Dec 19, 2023.
             Was an Initiate of Okawaru.
             Shot with an arrow by a centaur (7 damage)
             ... on level 7 of the Dungeon.
             The game lasted 00:08:40 (5650 turns).

Peloso the Covered (Minotaur Fighter)               Turns: 5650, Time: 00:08:40

Health: -3/69      AC: 20    Str: 20    XL:     8   Next: 22%
Magic:  7/7        EV:  5    Int:  5    God:    Okawaru [......]
Gold:   360        SH:  9    Dex: 13    Spells: 7/7 levels left

rFire   + . .        a - +0 long sword
rCold   . . .        d - +0 kite shield
rNeg    . . .        q - +0 plate armour
rPois   .            (helmet restricted)
rElec   .            (no cloak)
rCorr   .            o - +0 pair of gloves
SInv    .            D - +0 pair of boots
Will    .....        (no amulet) Stlth
                     A - ring of protection from fire
HPRegen 0.31/turn    (no ring)
MPRegen 0.10/turn

%: no passive effects
@: mighty
A: horns 2, retaliatory headbutt, iridescent scales 2
a: Renounce Religion


You were on level 7 of the Dungeon.
You worshipped Okawaru.
Okawaru was noncommittal.
You visited 2 branches of the dungeon, and saw 8 of its levels.

You collected 360 gold pieces.

Inventory:

Hand Weapons
 a - a +0 long sword (weapon)
Missiles
 p - a throwing net (quivered)
Armour
 b - a +0 scale mail
 c - a +0 chain mail
 d - a +0 kite shield (worn)
 o - a +0 pair of gloves (worn)
 q - a +0 plate armour (worn)
 D - a +0 pair of boots (worn)
Jewellery
 A - a ring of protection from fire (left hand)
 B - an amulet of faith
 F - a ring of willpower
Wands
 G - a wand of flame (20)
Scrolls
 e - 4 scrolls of fog {unknown}
 g - 3 scrolls of magic mapping {unknown}
 h - a scroll of torment {unknown}
 i - 5 scrolls of teleportation {unknown}
 k - 4 scrolls of vulnerability {unknown}
 l - a scroll of fear {unknown}
 m - 5 scrolls of identify {unknown}
 n - 3 scrolls of blinking {unknown}
 r - 2 scrolls of immolation {unknown}
 u - a scroll of enchant armour {unknown}
 y - 2 scrolls of poison {unknown}
 C - 2 scrolls of noise {unknown}
Potions
 f - 2 potions of might
 j - 6 potions of mutation
 s - a potion of degeneration {unknown}
 t - 2 potions of heal wounds {unknown}
 v - 2 potions of magic
 w - 2 potions of flight {unknown}
 x - a potion of attraction {unknown}
 z - a potion of cancellation {unknown}
 E - a potion of resistance {unknown}
 H - a potion of ambrosia {unknown}


   Skills:
 + Level 5.4 Fighting
 + Level 7.4 Long Blades
 + Level 7.8 Armour
 + Level 1.7 Dodging
 + Level 0.1 Stealth
 + Level 5.7 Shields


You had 7 spell levels left.
You didn't know any spells.
Your spell library contained the following spells:

 Spells                   Type           Power      Damage    Failure   Level
 Apportation              Tloc           0%         N/A       100%        1
 Necrotise                Necr           0%         1d4       100%        1
 Sting                    Tmut/Pois      0%         1d3       100%        1
 Cigotuvi's Dreadful Rot  Necr/Pois/Air  0%         N/A       100%        2
 Poisonous Vapours        Pois/Air       0%         N/A       100%        2
 Ignite Poison            Fire/Tmut/Pois 0%         N/A       100%        3
 Volatile Blastmotes      Fire/Tloc      0%         2d10      100%        3
 Fulminant Prism          Conj/Hex       0%         3d5       100%        4
 Iskenderun's Mystic Bla  Conj/Tloc      0%         2d3       100%        4
 Olgreb's Toxic Radiance  Pois           0%         N/A       100%        4
 Freezing Cloud           Conj/Ice/Air   0%         6-21      100%        5
 Lee's Rapid Deconstruct  Erth           0%         3d4*      100%        5
 Summon Small Mammal      Summ           Unusable   N/A       N/A         1

Dungeon Overview and Level Annotations

Branches:
Dungeon (7/15)             Temple (1/1) D:7

Altars:
Ashenzari
Cheibriados
Dithmenos
Fedhas
Gozag
Hepliaklqana
Kikubaaqudgha
Makhleb
Nemelex Xobeh
Okawaru
Qazlal
Ru
Sif Muna
Trog
Wu Jian
Xom
Yredelemnul
Zin
The Shining One

Shops:
D:5 :   D:6 *


Innate Abilities, Weirdness & Mutations

You have a pair of horns on your head.
You reflexively headbutt those who attack you in melee.
You are mostly covered in iridescent scales. (AC +4)


Message History

A tengu conjurer is nearby!
You feel very mighty all of a sudden.
A centaur opens the door.
The tengu conjurer casts a spell at you.
The bolt of lightning hits you! The bolt of lightning hits you!!
* * * LOW HITPOINT WARNING * * *
The centaur shouts!
There is an open door here.
You slash the tengu conjurer!
Your headbutt misses the tengu conjurer.
The tengu conjurer is moderately wounded.
The centaur wields a +0 shortbow.
The centaur shoots an arrow.
You block the arrow. You block the tengu conjurer's attack.
The tengu conjurer pecks you.
* * * LOW HITPOINT WARNING * * *
The tengu conjurer claws you but does no damage.
The centaur shoots an arrow.
You block the arrow.
You slash the tengu conjurer!
The tengu conjurer is severely wounded.
The centaur shoots an arrow.
The arrow hits you!
* * * LOW HITPOINT WARNING * * *
You block the tengu conjurer's attack.
The tengu conjurer completely misses you.
The tengu conjurer claws you but does no damage.
The centaur shoots an arrow.
You block the arrow.
You block the tengu conjurer's attack. x2
The tengu conjurer claws you but does no damage.
The centaur shoots an arrow.
The arrow hits you but does no damage.
Unknown command.
You completely miss the tengu conjurer.
Your headbutt misses the tengu conjurer.
The tengu conjurer is severely wounded.
The centaur shoots an arrow.
The arrow hits you but does no damage. The tengu conjurer hits you.
* * * LOW HITPOINT WARNING * * *
The tengu conjurer pecks you.
* * * LOW HITPOINT WARNING * * *
You block the tengu conjurer's attack.
The centaur shoots an arrow.
The arrow hits you!
You die...

..#.......#......#######.#
..#...[...#......##...##.#
..#.......#......#.....#.#
..#.......#......#.....#.#
..#.......#......#.....#.#
..#.......#......##.).##.#
'###......##########'###.#
..#####'#####...##.......#
...#.......#?...@#.......#
...#.......#[...Q'..8....#
...'.......#(....#.......#
..<#.......##...##.......#
#.#######'##########'#####
#.##.##...###....# c.#
#................# ..#
#................# .#
#................# .#


You could see a tengu conjurer and a centaur.

Vanquished Creatures
  A wyvern (D:7)
  An ogre (D:5)
  2 bullfrogs
  2 scorpions (D:6)
  3 wights (D:6)
  2 howler monkeys
  3 hounds
  4 jellies
  A sleepcap (D:4)
  A gnoll bouda (D:7)
  2 iguanas
  3 gnolls (D:4)
  4 adders
  An ufetubus (D:7)
  2 dart slugs (D:5)
  6 orcs
  8 endoplasms
  5 giant cockroaches
  7 goblins
  10 hobgoblins
  8 jackals
  6 kobolds
  3 quokkas
  5 ball pythons
  8 bats
  4 frilled lizards
  3 rats
105 creatures vanquished.

Notes
Turn   | Place    | Note
-------+----------+-------------------------------------------
     0 | D:1      | Peloso the Minotaur Fighter began the quest for the Orb.
     0 | D:1      | Reached XP level 1. HP: 19/19 MP: 0/0
   199 | D:1      | Reached XP level 2. HP: 26/27 MP: 1/1
   580 | D:1      | Gained mutation: Your muscles are strong. (Str +4, Int/Dex
                  | -1) [potion of mutation]
   580 | D:1      | Gained mutation: You have a pair of large horns on your
                  | head. [potion of mutation]
   581 | D:1      | Lost mutation: You have a pair of large horns on your head.
                  | [potion of mutation]
   581 | D:1      | Lost mutation: Your muscles are strong. (Str +4, Int/Dex
                  | -1) [potion of mutation]
   581 | D:1      | Gained mutation: You are partially covered in iridescent
                  | scales. (AC +2) [potion of mutation]
   581 | D:1      | Gained mutation: You are mostly covered in iridescent
                  | scales. (AC +4) [potion of mutation]
   611 | D:2      | Reached XP level 3. HP: 33/33 MP: 2/2
  1465 | D:3      | Reached XP level 4. HP: 39/40 MP: 3/3
  2202 | D:4      | Reached skill level 1 in Dodging
  2202 | D:4      | Reached XP level 5. HP: 47/47 MP: 4/4
  2242 | D:4      | Reached skill level 5 in Armour
  2459 | D:4      | Found a snail-covered altar of Cheibriados.
  2489 | D:4      | Found a glowing silver altar of Zin.
  2496 | D:4      | Found a blossoming altar of Fedhas.
  2496 | D:4      | Found a sacrificial altar of Ru.
  2498 | D:4      | Found a stormy altar of Qazlal.
  2502 | D:4      | Found a sparkling altar of Nemelex Xobeh.
  2621 | D:4      | Reached XP level 6. HP: 44/53 MP: 5/5
  2833 | D:5      | Entered Level 5 of the Dungeon
  2867 | D:5      | Reached skill level 5 in Long Blades
  2969 | D:5      | Found Ywygolia's Self-Improvement Boutique.
  3888 | D:6      | Reached XP level 7. HP: 51/60 MP: 6/6
  3891 | D:6      | Reached skill level 5 in Shields
  3936 | D:6      | Found a glowing golden altar of the Shining One.
  4002 | D:7      | Noticed a wyvern
  4005 | D:7      | HP: 2/50 [wyvern (2)]
  4015 | D:7      | Killed a wyvern
  4016 | D:7      | Reached skill level 5 in Fighting
  4455 | D:6      | Found Cenipp's Commerce Corner.
  4464 | D:6      | Reached XP level 8. HP: 66/68 MP: 7/7
  4901 | D:7      | Found a staircase to the Ecumenical Temple.
  4913 | Temple   | Entered the Ecumenical Temple
  4969 | Temple   | Became a worshipper of Warmaster Okawaru
  5073 | D:7      | Found a bloodstained altar of Trog.
  5644 | D:7      | Noticed a tengu conjurer
  5650 | D:7      | Shot with an arrow by a centaur

Illustrated notes

Levels and vault maps discovered:
D:1:      onia_arrival_mini_maze_b, layout_rooms
D:2:      layout_basic, serial_curves, eino_curves_04, eino_curves_02,
          eino_curves_01, eino_curves_04, grunt_decor_cap,
          minmay_misc_feat_secret_circle
D:3:      layout_basic, amcnicky_mini_rare_corridor_liquid
D:4:      minmay_door_path, layout_basic, mainiacjoe_overflow_tiny_flanked,
          minitemple
D:5:      layout_gridville, nicolae_shop_self_help
D:6:      layout_gridville, general_overflow_altar, nicolae_alphabet_shops
D:7:      layout_gridville, mainiacjoe_overflow_alcove_1,
          minmay_temple_entry_water_ring, minmay_three_doors
Temple:   nicolae_temple_bog_church

Skill      XL: |  1  2  3  4  5  6  7 |
---------------+----------------------+-----
Fighting       | 4 5 |  5.4
Armour         | 4 5 6 7 |  7.8
Shields        | 4 5 |  5.7
Long Blades    | 3 4 6 7 |  7.4
Dodging        | 1 |  1.7
Stealth        | |  0.1

Action                     |  1- 3 |  4- 6 |  7- 9 || total
---------------------------+-------+-------+-------++-------
  Melee: Long sword        |    94 |   123 |    90 ||   307
         Headbutt          |    19 |    34 |    24 ||    77
    Use: Potion            |     4 |       |     4 ||     8
 Armour: Chain mail        |    70 |       |       ||    70
         Plate armour      |    16 |    84 |    81 ||   181
  Dodge: Dodged            |    42 |    20 |    19 ||    81
  Block: Buckler           |    11 |     4 |       ||    15
         Kite shield       |       |    56 |    65 ||   121
